 Dungeon Crawl Stone Soup version 0.25-a0-189-gf71692caf1 (webtiles) character file.

Game seed: 2412002257277646732, levelgen mode: deterministic

74 Jindul the Skirmisher (level 4, -47/67 HPs)
             Began as a Troll Abyssal Knight on Nov 29, 2019.
             Was a Believer of Lugonu.
             Killed from afar by Crazy Yiuf (54 damage)
             ... with an exploding inner flame
             ... hexed by the player character
             ... on level 2 of the Dungeon.
             The game lasted 00:06:49 (2203 turns).

Jindul the Skirmisher (Troll Abyssal Knight)        Turns: 2203, Time: 00:06:49

Health: -47/67     AC:  6    Str: 26    XL:     4   Next: 9%
Magic:  4/4        EV: 15    Int:  8    God:    Lugonu [**....]
Gold:   192        SH:  0    Dex: 14    Spells: 3/3 levels left

rFire    . . .     SeeInvis .   a - +1 mace
rCold    . . .     Gourm    +   (no shield)
rNeg     . . .     Faith    .   b - +0 robe
rPois    .         Spirit   .   (helmet restricted)
rElec    .         Reflect  .   (no cloak)
rCorr    .         Harm     .   (gloves unavailable)
MR       .....                  (boots unavailable)
Stlth    ..........             p - amulet of magic regeneration
HPRegen  0.61/turn              (no ring)
MPRegen  0.34/turn              (no ring)

@: agile, berserking, lightly drained, very quick
A: large, unfitting armour, claws 3, fast metabolism 3, gourmand, regeneration
1, shaggy fur 1, tough skin 3
a: Depart the Abyss, Bend Space, Renounce Religion


You were on level 2 of the Dungeon.
You worshipped Lugonu.
Lugonu was pleased with you.
You were not hungry.

You visited 1 branch of the dungeon, and saw 2 of its levels.
You visited the Abyss 1 time.

You collected 192 gold pieces.

Inventory:

Hand Weapons
 a - a +1 mace (weapon)
Missiles
 d - 96 stones (quivered)
 j - 31 poisoned darts
Armour
 b - a +0 robe (worn)
Jewellery
 p - an amulet of magic regeneration (around neck)
Scrolls
 e - 3 scrolls of identify
 g - a scroll of magic mapping
 h - a scroll of immolation
 o - a scroll of teleportation {unknown}
 r - a scroll of remove curse {unknown}
Potions
 f - a potion of resistance {unknown}
 k - a potion of invisibility {unknown}
 l - a potion of curing
 m - 2 potions of heal wounds {unknown}
 n - a potion of degeneration {unknown}
 q - 2 potions of flight
Comestibles
 c - 5 rations


   Skills:
 * Level 3.1(2.9) Fighting
 * Level 2.6(2.4) Maces & Flails
 + Level 0.0 Throwing
 + Level 2.2(2.0) Dodging
 + Level 0.3(0.1) Unarmed Combat
 + Level 2.0(1.8) Invocations


You had 3 spell levels left.
You didn't know any spells.
Your spell library was empty.

Dungeon Overview and Level Annotations

Branches:
Dungeon (2/15)

Altars:
Ashenzari


Innate Abilities, Weirdness & Mutations

You are too large for most types of armour.
You have claws for hands.
Your metabolism is lightning-fast.
You like to eat raw meat.
Your natural rate of healing is unusually fast.
You are covered in fur. (AC +1)
You have extremely tough skin. (AC +3)


Message History

It is a scroll of identify.
q - 2 potions of flight Crazy Yiuf closely misses you.
As you read the scroll labeled CEWUPH XOXA, it crumbles to dust.
The creatures around you are filled with an inner flame!
It was a scroll of immolation.
Crazy Yiuf closely misses you.
As you read the scroll labeled CUPRIGUETU, it crumbles to dust.
You hear a loud clanging noise!
It was a scroll of noise.
Crazy Yiuf hits you with a +3 quarterstaff of chaos!
* * * LOW HITPOINT WARNING * * *
A red film seems to cover your vision as you go berserk!
You feel yourself moving faster!
You feel mighty!
You sock Crazy Yiuf!
Crazy Yiuf is severely wounded.
You sock Crazy Yiuf!
Crazy Yiuf explodes!
The fiery explosion engulfs you!!!
Ouch! That really hurt!
You die...

...#..#..####.....#.#.##
...#.....#...#.#.##.#.#
...##.##.#.#.#.####.#.#
...##.########## #####
...##.## ##.##..##♣♣♣♣♣
#.####..P.♣.♣♣♣*####
#.......P..♣^§♣#...#
####.....P♣♣♣♣§@..(#
##...P♣♣ ♣♣#..)# ####♣♣
*####


There were no monsters in sight!

Vanquished Creatures
  Terence (D:2)
  2 dart slugs (D:1)
  3 leopard geckos (D:1)
  A giant cockroach (D:1)
  5 goblins
  6 hobgoblins
  5 jackals (D:1)
  3 kobolds (D:1)
  7 bats
  A frilled lizard (D:2)
  4 rats (D:1)
  A fungus (D:2)
39 creatures vanquished.

Notes
Turn   | Place    | Note
-------+----------+-------------------------------------------
     0 | Abyss:1  | Jindul the Troll Abyssal Knight began the quest for the
                  | Orb.
     0 | Abyss:1  | Reached XP level 1. HP: 22/22 MP: 1/1
   121 | Abyss:2  | Noticed a thrashing horror
   126 | D:1      | Escaped the Abyss
   298 | D:1      | Reached XP level 2. HP: 17/29 MP: 2/2
   460 | D:1      | Reached * piety under Lugonu
   927 | D:1      | Reached XP level 3. HP: 36/36 MP: 3/3
  1448 | D:2      | Reached ** piety under Lugonu
  1472 | D:2      | Found a shattered altar of Ashenzari.
  1488 | D:2      | Noticed Terence
  1502 | D:2      | Killed Terence
  1502 | D:2      | Reached skill level 3 in Fighting
  1502 | D:2      | Reached XP level 4. HP: 26/45 MP: 4/4
  2177 | D:2      | Found a runed translucent door.
  2184 | D:2      | Noticed Crazy Yiuf
  2203 | D:2      | Killed Crazy Yiuf
  2203 | D:2      | Killed from afar by Crazy Yiuf

Levels and vault maps discovered:
D:1:      ncdulo_halloftheorcs, layout_basic
D:2:      layout_basic, nicolae_ashenzari_panopticon, first_ration,
          kennysheep_path_1, chequers_avenue, uniq_terence,
          uniq_crazy_yiuf_cottage

Skill      XL: |  1  2  3 |
---------------+----------+-----
Maces & Flails | 2 |  2.6
Dodging        | 2 |  2.2
Invocations    | 2 |  2.0
Fighting       | 3 |  3.1
Unarmed Combat | |  0.3

Action                   |  1- 3 |  4- 6 || total
-------------------------+-------+-------++-------
Melee: Mace              |   106 |    33 ||   139
Throw: Stone             |     4 |     1 ||     5
Invok: Depart the Abyss  |     1 |       ||     1
  Use: Scroll            |       |     4 ||     4
       Potion            |       |     1 ||     1
  Eat: Chunk             |    15 |     3 ||    18
Armor: Robe              |    54 |     7 ||    61
Dodge: Dodged            |    75 |     9 ||    84

Table legend:
 A = Non-vault XP
 B = Vault XP
 C = Vault XP percentage of total XP
 D = Non-vault monster count
 E = Vault monster count
 F = Vault count percentage of total count
                 A         B        C        D         E       F
            +---------+---------+-------+---------+---------+-------
      Total |      70 |      36 |  34.0 |      37 |       1 |   2.6
            +---------+---------+-------+---------+---------+-------
        D:1 |      58 |       0 |   0.0 |      30 |       0 |   0.0
        D:2 |      12 |      36 |  75.0 |       7 |       1 |  12.5
            +---------+---------+-------+---------+---------+-------
